 Dungeon Crawl Stone Soup version 0.31-a0-112-gdf0485fa37 (webtiles) character file.

Game seed: 12107008571110328248

115 Bigbad the Gusty (level 4, -6/33 HPs)
             Began as a Demigod Air Elementalist on May 28, 2023.
             Blown up by an orc (19 damage)
             ... with a mindburst bolt
             ... on level 4 of the Dungeon.
             The game lasted 00:32:45 (3361 turns).

Bigbad the Gusty (Demigod Air Elementalist)         Turns: 3361, Time: 00:32:45

Health: -6/33      AC:  4    Str:  9    XL:     4   Next: 41%
Magic:  1/10       EV: 12    Int: 21    God:
Gold:   80         SH:  5    Dex: 14    Spells: 5/8 levels left

rFire   . . .        d - staff of death
rCold   . . .        (no shield)
rNeg    + . .        a - +0 robe
rPois   .            (no helmet)
rElec   .            (no cloak)
rCorr   .            c - +0 pair of gloves
SInv    .            j - +0 pair of boots
Will    .....        l - amulet of reflection
Stlth   ++           (no ring)
HPRegen 0.25/turn    (no ring)
MPRegen 0.12/turn

%: reflection
@: no status effects
A: high MP 1, forlorn, divine attributes
a: no special abilities


You were on level 4 of the Dungeon.
You visited 1 branch of the dungeon, and saw 4 of its levels.

You collected 180 gold pieces.
You spent 100 gold pieces at shops.

Inventory:

Hand Weapons
 f - a +0 dagger
Missiles
 v - 3 boomerangs of dispersal
Armour
 a - a +0 robe (worn)
 c - a +0 pair of gloves (worn)
 j - a +0 pair of boots (worn)
 n - a +0 plate armour
 o - a +0 leather armour
Magical Staves
 d - a staff of death (weapon)
Jewellery
 l - an amulet of reflection (around neck)
Scrolls
 e - 3 scrolls of fear
 g - a scroll of enchant weapon
 k - 2 scrolls of magic mapping {unknown}
 p - a scroll of teleportation {unknown}
 r - a scroll of enchant armour
 s - a scroll of poison {unknown}
 t - a scroll of noise {unknown}
 u - a scroll of immolation {unknown}
Potions
 b - 3 potions of magic
 h - a potion of ambrosia {unknown}
 i - a potion of curing {unknown}
 m - 2 potions of lignification
 q - 2 potions of brilliance {unknown}


   Skills:
 + Level 2.2 Dodging
 + Level 1.9 Stealth
 + Level 2.7 Spellcasting
 + Level 1.9 Conjurations
 + Level 3.6 Air Magic


You had 5 spell levels left.
You knew the following spells:

 Your Spells              Type           Power      Damage    Failure   Level
a - Shock                 Conj/Air       56%        1d6       4%          1
b - Static Discharge      Conj/Air       28%        2-4/arc   7%          2

Your spell library contained the following spells:

 Spells                   Type           Power      Damage    Failure   Level
 Magic Dart               Conj           44%        1d5       6%          1
 Searing Ray              Conj           22%        2d5       10%         2
 Swiftness                Air            18%        N/A       10%         3
 Airstrike                Air            9%         2d(2-18)  30%         4
 Fulminant Prism          Conj/Hex       3%         3d5       67%         4


Dungeon Overview and Level Annotations

Branches:
Dungeon (4/15)
 Temple: D:4-7

Shops:
D:2 [   D:3 ?


Innate Abilities, Weirdness & Mutations

You have an increased reservoir of magic. (+10% MP)
You shall have no god before yourself.
Your divine heritage dramatically boosts your attributes as you level up.


Message History

Aiming: Shock (safe; 4% risk of failure)
Press: ? - help, Shift-Dir - straight line, f/p - hobgoblin
Aim: a hobgoblin (almost dead, 71% to hit)
The zap hits the hobgoblin.
You kill the hobgoblin!
You start resting.
HP restored.
You start resting.
An orc comes into view.
It is wielding a +0 falchion and carrying a wand of mindburst (7).
Casting: Shock (safe; 4% risk of failure)
Confirm with . or Enter, or press ? or * to list all spells.
Aiming: Shock (safe; 4% risk of failure)
Press: ? - help, Shift-Dir - straight line, f - orc
Aim: an orc, wielding a +0 falchion, wearing a +0 scale mail and carrying a wand of mindburst (7) (wandering, hasn't noticed you, 75% to hit)
The zap hits the orc but does no damage.
The orc shouts!
Casting: Shock (safe; 4% risk of failure)
Confirm with . or Enter, or press ? or * to list all spells.
Aiming: Shock (safe; 4% risk of failure)
Press: ? - help, Shift-Dir - straight line, f/p - orc
Aim: an orc, wielding a +0 falchion, wearing a +0 scale mail and carrying a wand of mindburst (7) (75% to hit)
The zap misses the orc.
The orc zaps a wand.
Your mind is blasted!
The orc zaps a wand.
Your mind is blasted!
You hit the orc.
The orc is heavily wounded.
The orc hits you with a +0 falchion.
You closely miss the orc.
The orc is heavily wounded.
The orc zaps a wand.
You barely resist. You closely miss the orc.
The orc is heavily wounded.
The orc hits you with a +0 falchion.
You barely miss the orc.
The orc is heavily wounded.
The orc hits you but does no damage.
You barely miss the orc.
The orc is heavily wounded.
The orc zaps a wand.
Your mind is blasted!
Ouch! That really hurt!
You die...

.. .# ........
.. .. .......
... . # ......
#>.. .##
#.##.†..# .....
..#
#.#.....##$..
#.###
#...(..!...
...○# #......o.#
....###
#.##...@.#
._....#
#.##.)...#
....#.#
#.##.†..##
...§#.#
#.###.###
#)###.## #.###.#
#.##...# #.##..#
#.####.###.##.##
... #........#
... ##########


You could see an orc.

Vanquished Creatures
  2 adders
  4 dart slugs (D:1)
  3 worms
  4 orcs (D:3)
  A ball python (D:2)
  7 bats
  9 endoplasms
  2 giant cockroaches (D:4)
  5 goblins
  10 hobgoblins
  6 jackals
  6 kobolds
  2 quokkas (D:1)
  3 frilled lizards
  3 rats (D:2)
67 creatures vanquished.

Vanquished Creatures (others)
  An orc (D:4)
1 creature vanquished.

Grand Total: 68 creatures vanquished

Notes
Turn   | Place    | Note
-------+----------+-------------------------------------------
     0 | D:1      | Bigbad the Demigod Air Elementalist began the quest for the
                  | Orb.
     0 | D:1      | Reached XP level 1. HP: 14/14 MP: 5/5
   163 | D:1      | Reached skill level 3 in Air Magic
   219 | D:1      | Reached XP level 2. HP: 20/20 MP: 5/7
   963 | D:1      | Reached XP level 3. HP: 26/26 MP: 4/8
  1033 | D:1      | Reached skill level 1 in Conjurations
  1147 | D:2      | Learned a level 2 spell: Static Discharge
  1889 | D:2      | Found Fuhidd's Antique Armour Boutique.
  2467 | D:3      | Reached XP level 4. HP: 28/33 MP: 5/10
  2531 | D:3      | Found Gedythra's Magic Scroll Shop.
  3128 | D:3      | Bought 2 scrolls of fear for 80 gold pieces
  3128 | D:3      | Bought a scroll of identify for 20 gold pieces
  3361 | D:4      | Blown up by an orc

Illustrated notes

Levels and vault maps discovered:
D:1:      lordsloth_arrival_two_stooges, layout_loops_ring
D:2:      layout_loops_ring, serial_shops, nicolae_shop_hallway_stairs
D:3:      layout_loops_ring, fedhas_altar_1, mainiacjoe_overflow_tiny_flanked,
          serial_shops, nicolae_shop_rolling_square
D:4:      layout_rooms, nicolae_kikubaaqudgha_miasma_corner, led_sif_book,
          minmay_temple_entry_waves

Skill      XL: |  1  2  3 |
---------------+----------+-----
Air Magic      | 3 |  3.6
Dodging        | 2 |  2.2
Spellcasting   | 2 |  2.7
Conjurations   | 1 |  1.9
Stealth        | |  1.9

Action                     |  1- 3 |  4- 6 || total
---------------------------+-------+-------++-------
  Melee: Unarmed           |     4 |       ||     4
         Staff             |    17 |     5 ||    22
   Cast: Shock             |   108 |    41 ||   149
         Static Discharge  |     6 |     2 ||     8
    Use: Scroll            |     3 |     1 ||     4
 Armour: Robe              |     2 |     1 ||     3
  Dodge: Dodged            |    24 |       ||    24
  Block: Other             |     4 |     1 ||     5
         Reflection        |     1 |       ||     1

Table legend: (Time is in decaauts)
 A = Elapsed time spent in this place.
 B = Non-inter-level travel time spent in this place.
 C = Inter-level travel time spent in this place.
 D = Time resting spent in this place.
 E = Time spent auto-exploring this place.
 F = Levels seen in this place.
 G = Mean time per level.
                   A        B        C        D        E       F      G
               +--------+--------+--------+--------+--------+-----+--------+
         Total |   3362 |   2606 |    756 |   1230 |   1006 |   4 |  840.5 |
       Dungeon |   3362 |   2606 |    756 |   1230 |   1006 |   4 |  840.5 |
               +--------+--------+--------+--------+--------+-----+--------+

Top non-repeatable levels by time:
     D:1: 1130 daAuts
     D:2: 1111 daAuts
     D:3: 895 daAuts
     D:4: 224 daAuts
